 Dungeon Crawl Stone Soup version 0.31.0-11-ge490571c62 (webtiles) character file.

Game seed: 13988330791025393951

0 Esekla the Grave Robber (level 1, -2/11 HPs)
             Began as an Octopode Necromancer on Feb 2, 2024.
             Slain by a kobold
             ... wielding a +0 club
              (4 damage)
             ... on level 1 of the Dungeon.
             The game lasted 00:00:47 (98 turns).

Esekla the Grave Robber (Octopode Necromancer)        Turns: 98, Time: 00:00:47

Health: -2/11      AC:  1    Str:  7    XL:     1   Next: 10%
Magic:  3/3        EV: 13    Int: 17    God:
Gold:   13         SH:  0    Dex: 12    Spells: 3/4 levels left

rFire   . . .        (no weapon)
rCold   . . .        (no shield)
rNeg    . . .        (helmet restricted)
rPois   .            (no amulet)
rElec   .            (no ring)
rCorr   .            (no ring)
SInv    .            (no ring)
Will    .....        (no ring)
Stlth   +++          (no ring)
HPRegen 0.21/turn    (no ring)
MPRegen 0.08/turn    (no ring)
                     (no ring)

%: no passive effects
@: no status effects
A: almost no armour, amphibious, 8 rings, camouflage 1, gelatinous body 1,
(nimble swimmer 1), tentacles
a: no special abilities


You were on level 1 of the Dungeon.
You visited 1 branch of the dungeon, and saw 1 of its levels.

You collected 13 gold pieces.

Inventory:

Potions
 a - a potion of magic


   Skills:
 + Level 2.0 Dodging
 + Level 2.6 Stealth
 * Level 2.0 Spellcasting
 + Level 4.0 Necromancy


You had 3 spell levels left.
You knew the following spells:

 Your Spells              Type           Power      Damage    Failure   Level
a - Necrotise             Necr           60%        1d7       3%          1

Your spell library contained the following spells:

 Spells                   Type           Power      Damage    Failure   Level
 Vampiric Draining        Necr           15%        2d7       11%         3
 Animate Dead             Necr           15%        N/A       36%         4
 Curse of Agony           Necr           15%        N/A       71%         5


Dungeon Overview and Level Annotations

Branches:
Dungeon (1/15)

Altars:


Innate Abilities, Weirdness & Mutations

You cannot wear most types of armour.
You are amphibious.
You can wear up to eight rings at the same time.
Your skin changes colour to match your surroundings (Stealth+).
Your rubbery body absorbs attacks. (AC +1, EV +1)
((You are camouflaged when in or above water. (Stealth+)))
You have tentacles for arms and can constrict up to eight enemies at once.


Message History

Found 8 stones.
An endoplasm comes into view.
Found a scroll labelled TOONWALAXAASS.
You see here 8 stones.
There is an escape hatch in the floor here.
A ball python comes into view.
Found a stone staircase leading down.
The helpless ball python fails to defend itself.
You tentacle-slap the ball python. Your grab misses the ball python.
You squeeze the ball python.
The ball python is severely wounded.
The ball python misses you. The ball python closely misses you.
You barely miss the ball python. Your grab misses the ball python.
The ball python is severely wounded.
The ball python barely misses you. The ball python grabs you.
The ball python constricts you. The ball python barely misses you.
The ball python constricts you.
You closely miss the ball python. You grab the ball python.
You squeeze the ball python.
You kill the ball python!
You see here a ball python corpse.
Found 9 gold pieces.
A rat comes into view.
Found 13 gold pieces.
You now have 13 gold pieces.
A kobold comes into view. It is wielding a +0 club.
Found a bronze ring.
The kobold shouts!
The kobold throws a stone.
The stone hits you but does no damage.
You tentacle-slap the kobold but do no damage.
Your grab misses the kobold.
Your tentacle-slap misses the kobold.
The kobold hits you with a +0 club.
You barely miss the kobold. You grab the kobold.
Your squeeze misses the kobold.
You constrict the kobold, but do no damage.
The kobold hits you with a +0 club.
* * * LOW HITPOINT WARNING * * *
You tentacle-slap the kobold but do no damage.
You constrict the kobold. The kobold hits you with a +0 club.
You die...

#.....# #.....#
#.....# #...=.#
#.....# ####.. .
#.....+ ...... .
#....K#####.##.#
. #@##....##.#
##. #.##.##.##.#
##. .
#.##.##..#.# #.$
.
#....##..#.###.#
.
####...#....##.#
.
#....#.###..##.#
.
#....+.#.......#
.
#....###......>#
. #....#
#.#####.###


You could see a kobold.

Vanquished Creatures
  A ball python (D:1)
1 creature vanquished.

Notes
Turn   | Place    | Note
-------+----------+-------------------------------------------
     0 | D:1      | Esekla the Octopode Necromancer began the quest for the
                  | Orb.
     0 | D:1      | Reached XP level 1. HP: 11/11 MP: 3/3
    98 | D:1      | Slain by a kobold

Illustrated notes

Levels and vault maps discovered:
D:1:      lemuel_arrival_cross, layout_basic

Action                     || total
---------------------------++-------
  Melee: Unarmed           ||     6
         Constrict         ||     2
         Tentacles         ||     2
   Stab: Sleeping          ||     1
 Armour: Skin              ||     4
  Dodge: Dodged            ||     4
